 Dungeon Crawl Stone Soup version 0.29-a0-266-gf56f883ddd (webtiles) character file.

Game seed: 10803485438448865124

2497 salade2fruit the Carver (level 9, -2/57 HPs)
             Began as a Tengu Gladiator on Mar 7, 2022.
             Was a Believer of Vehumet.
             Killed from afar by a steam dragon (21 damage)
             ... with a ball of steam
             ... on level 7 of the Dungeon on Mar 8, 2022.
             The game lasted 00:29:42 (9045 turns).

salade2fruit the Carver (Tengu Gladiator)           Turns: 9045, Time: 00:29:44

Health: -2/57      AC:  4    Str: 15    XL:     9   Next: 52%
Magic:  10/10      EV: 22    Int: 10    God:    Vehumet [**....]
Gold:   251        SH:  5    Dex: 18    Spells: 8/8 levels left

rFire   . . .      SeeInvis .   a - +2 great sword
rCold   . . .      Faith    .   (shield currently unavailable)
rNeg    + . .      Spirit   .   l - +0 leather armour
rPois   .          Reflect  +   c - +0 hat
rElec   .          Harm     .   z - +0 cloak
rCorr   .          Rampage  .   (no gloves)
Will    .....                   (boots unavailable)
Stlth   ++........              e - amulet of reflection
HPRegen 0.19/turn               q - +4 ring of evasion
MPRegen 0.12/turn               J - ring of positive energy

@: flying quickly and evasively, quick
A: beak, talons 3, nimble flight
a: Renounce Religion


You were on level 7 of the Dungeon.
You worshipped Vehumet.
Vehumet was pleased with you.
You visited 2 branches of the dungeon, and saw 8 of its levels.

You collected 342 gold pieces.
You spent 91 gold pieces at shops.

Inventory:

Hand Weapons
 a - a +2 great sword (weapon)
 b - a +0 shortbow
 F - a +0 long sword
 H - a +0 hunting sling
Missiles
 r - 16 poisoned darts (quivered)
 G - 2 javelins
Armour
 c - a +0 hat (worn)
 l - a +0 leather armour (worn)
 z - a +0 cloak (worn)
Jewellery
 e - an amulet of reflection (around neck)
 q - a +4 ring of evasion (left hand)
 t - an amulet of faith
 J - a ring of positive energy (right hand)
Wands
 v - a wand of flame (3)
Scrolls
 f - 3 scrolls of teleportation
 g - a scroll of vulnerability {unknown}
 m - 2 scrolls of magic mapping
 o - a scroll of identify
 u - 2 scrolls of fear
 w - 2 scrolls of enchant weapon {unknown}
 x - a scroll of amnesia {unknown}
 y - 4 scrolls of fog
 A - a scroll of summoning {unknown}
 B - a scroll of enchant armour {unknown}
 C - a scroll of brand weapon {unknown}
 E - a scroll of blinking {unknown}
Potions
 d - 2 potions of curing
 h - 2 potions of flight {unknown}
 i - a potion of ambrosia {unknown}
 j - 2 potions of might {unknown}
 k - a potion of resistance {unknown}
 n - 2 potions of attraction {unknown}
 p - a potion of mutation {unknown}
 D - a potion of invisibility {unknown}
 I - 2 potions of haste {unknown}


   Skills:
 + Level 7.5 Fighting
 + Level 8.6 Long Blades
 + Level 4.6 Bows
 - Level 2.1 Throwing
 - Level 7.0 Dodging
 - Level 0.4 Stealth


You had 8 spell levels left.
You didn't know any spells.
Your spell library contained the following spells:

 Spells                   Type           Power      Damage    Failure   Level
 Stone Arrow              Conj/Erth      0%         3d7       80%         3
 Sting                    Tmut/Pois      0%         1d3       43%         1
 Blink                    Tloc           0%         N/A       56%         2
 Poisonous Vapours        Pois/Air       0%         N/A       56%         2
 Lesser Beckoning         Tloc           0%         N/A       80%         3
 Olgreb's Toxic Radiance  Pois           0%         N/A       99%         4
 Manifold Assault         Tloc           0%         N/A       100%        5


Dungeon Overview and Level Annotations

Branches:
Dungeon (7/15)             Temple (1/1) D:6

Altars:
Ashenzari
Cheibriados
Dithmenos
Elyvilon
Fedhas
Gozag
Hepliaklqana
Kikubaaqudgha
Makhleb
Nemelex Xobeh
Okawaru
Qazlal
Ru
Sif Muna
Uskayaw
Vehumet
Wu Jian
Xom
Yredelemnul
Zin
The Shining One

Shops:
D:2 !   D:3 (!!

Annotations:
D:3 4 runed translucent doors, Crazy Yiuf; Crownlay's ghost, amateur MfMo; Zgarb's ghost, amateur FoHu; bmj180's ghost, weakling DsNe
D:5 2 transporters, gilleain's ghost, novice HuCj
D:7 Joseph


Innate Abilities, Weirdness & Mutations

You have a beak for a mouth.
You have claws for feet.
Your magical nature lets you fly swiftly and evasively.


Message History

The steam dragon misses you. You block the steam dragon's attack.
The steam dragon breathes steam at you.
The ball of steam hits the steam dragon.
The steam dragon resists.
The steam dragon dies!
The ball of steam hits you!
You feel much better. The steam dragon barely misses you.
The steam dragon completely misses you.
You closely miss the steam dragon.
The steam dragon is heavily wounded.
The steam dragon completely misses you. The steam dragon barely misses you.
The steam dragon bites you. The steam dragon completely misses you.
You barely miss the steam dragon.
You peck the steam dragon, but do no damage.
The steam dragon is heavily wounded.
The steam dragon breathes steam at you. The ball of steam hits you!!
* * * LOW HITPOINT WARNING * * *
Unknown command.
You feel much better.
You are engulfed in a cloud of scalding steam.
You block the steam dragon's attack. The steam dragon closely misses you.
You are too injured to fight recklessly!
You barely miss the steam dragon. You claw the steam dragon.
The steam dragon is heavily wounded.
The steam dragon barely misses you. The steam dragon completely misses you.
You closely miss the steam dragon. Your kick misses the steam dragon.
You peck the steam dragon.
The steam dragon is heavily wounded.
The steam dragon bites you! The steam dragon claws you.
* * * LOW HITPOINT WARNING * * *
You feel much better. The steam dragon bites you!
You block the steam dragon's attack.
You closely miss the steam dragon.
You peck the steam dragon, but do no damage.
The steam dragon is heavily wounded.
The steam dragon completely misses you. The steam dragon claws you.
The steam dragon breathes steam at you. The ball of steam hits you!!
You die...

....... ....... ... #
......D #..).... ..
....... #...... ##.#
....... ....# #.. #
......§ ##..###..# #
....../#######.....#.####
.......D@...§............
.......#####...#....#####
....... #..###....(..##
>?......###.####..####.##
######...............#[..
#...##.##..####.###.
########### ##.#.#..#..##
#.....
#.........###..#...#..##
###...
#.........##...###...###
#.#.


You could see a steam dragon (catching breath).

Vanquished Creatures
  Pikel (D:6)
  Menkaure (D:4)
  A water moccasin (D:6)
  An ice beast (D:6)
  3 sky beasts
  An ogre (D:5)
  A black bear (D:6)
  A centaur (D:6)
  A kobold brigand (D:7)
  2 lemures (D:6)
  A phantom (D:6)
  A bullfrog (D:6)
  2 necrophages
  A scorpion (D:7)
  2 wights (D:6)
  3 howler monkeys
  A gnoll shaman (D:6)
  5 orc priests
  3 hounds
  4 iguanas
  4 gnolls
  7 adders
  2 white imps
  2 ufetubi (D:5)
  A worm (D:5)
  A dart slug (D:2)
  7 orcs
  10 ball pythons
  8 endoplasms
  6 giant cockroaches
  3 goblins
  5 hobgoblins
  11 jackals
  10 kobolds
  4 quokkas (D:1)
  2 bats
  3 frilled lizards
  6 rats
128 creatures vanquished.

Vanquished Creatures (others)
  A steam dragon (D:7)
  A black bear (D:6)
  2 ogres (D:6)
  4 withered plants (D:3)
8 creatures vanquished.

Grand Total: 136 creatures vanquished

Notes
Turn   | Place    | Note
-------+----------+-------------------------------------------
     0 | D:1      | salade2fruit the Tengu Gladiator began the quest for the
                  | Orb.
     0 | D:1      | Reached XP level 1. HP: 12/12 MP: 2/2
   230 | D:1      | Reached XP level 2. HP: 17/17 MP: 3/3
   765 | D:1      | Reached XP level 3. HP: 21/21 MP: 4/4
  1322 | D:2      | Identified the +3 short sword of the Apocalypse {freeze,
                  | Str+3}
  1607 | D:2      | Reached skill level 4 in Long Blades
  1626 | D:2      | Reached XP level 4. HP: 21/27 MP: 5/5
  1811 | D:2      | Found Yryitt's Distillery.
  1814 | D:2      | Bought a potion of curing for 36 gold pieces
  1858 | D:2      | Found a faded altar of an unknown god.
  1866 | D:2      | Prayed at the altar of an unknown god.
  1866 | D:2      | Became a worshipper of Vehumet
  1866 | D:2      | Reached * piety under Vehumet
  1866 | D:2      | Offered knowledge of Freeze by Vehumet.
  2374 | D:3      | Found a runed translucent gate.
  2375 | D:3      | Found a runed translucent gate.
  2375 | D:3      | Found a runed translucent gate.
  2376 | D:3      | Noticed Zgarb's ghost (amateur FoHu)
  2377 | D:3      | Noticed bmj180's ghost (weakling DsNe)
  2377 | D:3      | Noticed Crownlay's ghost (amateur MfMo)
  2442 | D:3      | Found Ysaliheph's Distillery.
  2464 | D:3      | Bought a potion of heal wounds for 55 gold pieces
  2492 | D:3      | Found Zasakoi's Antique Weapon Shop.
  2492 | D:3      | Found Igoseew's Distillery.
  2774 | D:3      | Found a runed translucent door.
  2775 | D:3      | Noticed Crazy Yiuf
  3756 | D:4      | Noticed Menkaure
  3940 | D:4      | Killed Menkaure
  3941 | D:4      | Gained mutation: Your magical nature lets you fly swiftly
                  | and evasively. [Tengu growth]
  3941 | D:4      | Reached XP level 5. HP: 33/33 MP: 6/6
  3941 | D:4      | Reached XP level 6. HP: 38/38 MP: 7/7
  4116 | D:4      | Reached skill level 5 in Long Blades
  4223 | D:5      | Entered Level 5 of the Dungeon
  4232 | D:4      | Reached skill level 5 in Dodging
  4629 | D:5      | Noticed gilleain's ghost (novice HuCj)
  4711 | D:5      | Found a transporter.
  4711 | D:5      | Noticed a sky beast
  4915 | D:5      | Reached XP level 7. HP: 27/43 MP: 8/8
  5093 | D:5      | Found a transporter.
  5421 | D:5      | Found a white marble altar of Elyvilon.
  5443 | D:5      | Offered knowledge of Static Discharge by Vehumet.
  5570 | D:5      | Found an ornate altar of the Wu Jian Council.
  5609 | D:5      | Reached skill level 6 in Long Blades
  5819 | D:6      | Reached skill level 5 in Fighting
  6042 | D:6      | Reached XP level 8. HP: 37/49 MP: 9/9
  6113 | D:6      | Found a staircase to the Ecumenical Temple.
  6575 | D:6      | Found a shimmering altar of Xom.
  6589 | D:6      | Reached ** piety under Vehumet
  6633 | D:6      | Reached skill level 7 in Long Blades
  6661 | D:6      | Noticed Pikel
  6670 | D:6      | Killed Pikel
  6678 | D:6      | Reached XP level 9. HP: 53/56 MP: 10/10
  7381 | Temple   | Entered the Ecumenical Temple
  7771 | D:7      | Noticed Joseph
  7812 | D:6      | Reached skill level 8 in Long Blades
  8669 | D:7      | Offered knowledge of Stone Arrow by Vehumet.
  9045 | D:7      | Killed from afar by a steam dragon

Illustrated notes

Levels and vault maps discovered:
D:1:      dreamdust_arrival_beginning_and_end, layout_loops_corners
D:2:      layout_loops_corners, serial_shops, shop,
          ebering_ecumenical_altar_webs
D:3:      layout_rooms, serial_shops, shop, nicolae_shop_trees, shop,
          serial_bayou, serial_bayou_lake_a, serial_bayou_ford_a,
          serial_bayou_pond_d, serial_bayou_shore_b, gammafunk_ghost_cemetery,
          uniq_crazy_yiuf_cottage
D:4:      layout_loops_ring, uniq_menkaure
D:5:      layout_rooms, mainiacjoe_overflow_swirl, gammafunk_ghost_stat_death,
          kennysheep_generic_room_4
D:6:      layout_layer_cave, xom_confusion_cloud,
          minmay_temple_entry_proselytizer, uniq_pikel
D:7:      layout_rooms, kennysheep_mini_moat, uniq_joseph
Temple:   hc_temple_tempest_star

Skill      XL: |  1  2  3  4  5  6  7  8  9 |
---------------+----------------------------+-----
Long Blades    | 4 5 6 7 8 |  8.6
Dodging        | 4 5 6 7 |  7.0
Fighting       | 3 4 5 6 7 |  7.5
Bows           | 2 4 |  4.6
Throwing       | |  2.1
Stealth        | |  0.4

Action                   |  1- 3 |  4- 6 |  7- 9 || total
-------------------------+-------+-------+-------++-------
Melee: Long sword        |    68 |    84 |    47 ||   199
       Peck              |     7 |    16 |    26 ||    49
       Kick              |     8 |    17 |    41 ||    66
       Punch             |       |       |     3 ||     3
       Great sword       |       |       |    86 ||    86
 Fire: Hunting sling     |    32 |    55 |    34 ||   121
       Shortbow          |       |       |    56 ||    56
Throw: Javelin           |     7 |     1 |     5 ||    13
       Throwing net      |     4 |       |       ||     4
       Dart              |       |     7 |    26 ||    33
Evoke: Wand              |       |     4 |     1 ||     5
  Use: Scroll            |       |     4 |       ||     4
       Potion            |       |       |     4 ||     4
 Stab: Sleeping          |     1 |       |       ||     1
Armor: Leather armour    |    10 |    29 |    10 ||    49
Dodge: Dodged            |    39 |    74 |   119 ||   232
Block: Other             |    16 |    30 |    44 ||    90
       Reflection        |     1 |       |     4 ||     5

Table legend: (Time is in decaauts)
 A = Elapsed time spent in this place.
 B = Non-inter-level travel time spent in this place.
 C = Inter-level travel time spent in this place.
 D = Time resting spent in this place.
 E = Time spent auto-exploring this place.
 F = Levels seen in this place.
 G = Mean time per level.
                   A        B        C        D        E       F      G
               +--------+--------+--------+--------+--------+-----+--------+
         Total |   8922 |   8531 |    391 |   2899 |   4000 |   8 | 1115.2 |
       Dungeon |   8710 |   8348 |    362 |   2899 |   3836 |   7 | 1244.3 |
        Temple |    212 |    184 |     28 |      0 |    163 |   1 |  212.0 |
               +--------+--------+--------+--------+--------+-----+--------+

Top non-repeatable levels by time:
     D:6: 2541 daAuts
     D:2: 1294 daAuts
     D:5: 1213 daAuts
     D:3: 1132 daAuts
     D:1: 1074 daAuts
     D:4: 1053 daAuts
     D:7: 400 daAuts
  Temple: 212 daAuts
